 Dungeon Crawl Stone Soup version 0.28-a0-21-gf74fda84f9 (webtiles) character file.

Game seed: 10307373794527980265

30 ezpacito the Skirmisher (level 3, -2/29 HPs)
             Began as a Demonspawn Abyssal Knight on July 26, 2021.
             Was a Follower of Lugonu.
             Slain by Terence (8 damage)
             ... on level 2 of the Dungeon.
             The game lasted 00:02:00 (1486 turns).

ezpacito the Skirmisher (Demonspawn Abyssal Knight) Turns: 1486, Time: 00:02:01

Health: -2/29      AC:  5    Str: 12    XL:     3   Next: 5%
Magic:  5/5        EV: 10    Int: 13    God:    Lugonu [*.....]
Gold:   52         SH:  0    Dex: 15    Spells: 2/2 levels left

rFire   . . .      SeeInvis .   a - +1 hand axe
rCold   . . .      Faith    +   (no shield)
rNeg    . . .      Spirit   .   l - +0 ring mail
rPois   .          Reflect  .   (no helmet)
rElec   .          Harm     .   (no cloak)
rCorr   .          Rampage  .   (no gloves)
Will    .....                   (no boots)
Stlth   ++........              e - amulet of faith
HPRegen 0.09/turn               (no ring)
MPRegen 0.09/turn               (no ring)

@: mighty
A: claws 1, thin skeletal structure 1
a: Renounce Religion, Depart the Abyss


You were on level 2 of the Dungeon.
You worshipped Lugonu.
Lugonu was aware of your devotion.
You visited 1 branch of the dungeon, and saw 2 of its levels.
You visited the Abyss 1 time.

You collected 52 gold pieces.

Inventory:

Hand Weapons
 a - a +1 hand axe (weapon)
Missiles
 g - 68 stones (quivered)
Armour
 l - a +0 ring mail (worn)
Jewellery
 e - an amulet of faith (around neck)
Scrolls
 c - a scroll of vulnerability {unknown}
 d - a scroll of immolation {unknown}
 h - a scroll of enchant armour {unknown}
 i - a scroll of holy word {unknown}
 k - a scroll of identify {unknown}
 m - a scroll of teleportation {unknown}
Potions
 b - a potion of cancellation {unknown}
 f - a potion of might
 j - a potion of curing {unknown}
 n - a potion of heal wounds {unknown}


   Skills:
 + Level 3.1 Fighting
 * Level 2.5 Axes
 + Level 0.1 Throwing
 + Level 2.0 Armour
 + Level 1.1 Dodging
 + Level 0.4 Spellcasting
 + Level 2.7 Invocations


You had 2 spell levels left.
You didn't know any spells.
Your spell library contained the following spells:

 Spells                   Type           Power      Damage    Failure   Level
 Ozocubu's Armour         Ice            0%         N/A       89%         3
 Ozocubu's Refrigeration  Ice            0%         4d5       100%        7


Dungeon Overview and Level Annotations

Branches:
Dungeon (2/15)

Altars:

Annotations:
D:2 Terence


Innate Abilities, Weirdness & Mutations

You have sharp fingernails.
You have a somewhat thin skeletal structure. (Dex +2, Stealth+)


Message History

No target in view!
No target in view!
No target in view!
No target in view!
No target in view!
g - 68 stones (gained 16)
Things that are here:
a +0 dagger; a +0 hunting sling; a goblin corpse A rat comes into view.
A rat is nearby!
A rat is nearby!
Found 22 arrows.
Terence the Incautious comes into view.
He is wielding a +0 flail of protection.
Terence shouts!
Found 5 boomerangs.
The rat bites you but does no damage.
You closely miss the rat. The rat bites you. The rat barely misses you.
You hit Terence but do no damage.
Your ring mail prevents you from hitting the rat.
Terence looks scornfully at you.
Terence hits you with a +0 flail of protection.
The rat bites you but does no damage.
You hit Terence but do no damage. You barely miss the rat.
Terence closely misses you. The rat bites you but does no damage.
You hit Terence but do no damage. You barely miss the rat.
Terence hits you with a +0 flail of protection!
The rat completely misses you.
Terence hits you with a +0 flail of protection.
* * * LOW HITPOINT WARNING * * *
You are too injured to fight recklessly!
You are too injured to fight recklessly!
You are too injured to fight recklessly!
You are too injured to fight recklessly!
There are monsters nearby!
It was a potion of might.
You feel very mighty all of a sudden. The rat bites you.
* * * LOW HITPOINT WARNING * * *
Terence hits you with a +0 flail of protection!
You die...

.. ## ### # ## #..
... .. #.# ... ..
..## ... #. #.. ..#
###.##r# .(
#.....@###....
#......@......
#...##..#####.. ...
#..### . ##...#
####
#..#....#........##
##.####..##.#.#
#... #..#
....##.#<< ...
#####.##..##.(....#
#.


You could see Terence and a rat.

Vanquished Creatures
  A worm (D:2)
  A bat (D:1)
  2 endoplasms (D:1)
  A giant cockroach (D:1)
  5 goblins
  2 hobgoblins (D:1)
  2 jackals (D:1)
  3 kobolds
  A quokka (D:1)
  A ball python (D:1)
  3 frilled lizards
  3 rats (D:1)
25 creatures vanquished.

Notes
Turn   | Place    | Note
-------+----------+-------------------------------------------
     0 | Abyss:1  | ezpacito the Demonspawn Abyssal Knight began the quest for
                  | the Orb.
     0 | Abyss:1  | Reached XP level 1. HP: 18/18 MP: 2/2
    52 | Abyss:1  | Noticed a large abomination
    52 | Abyss:1  | Noticed a wretched star
    56 | D:1      | Escaped the Abyss
   281 | D:1      | Reached * piety under Lugonu
   282 | D:1      | Reached skill level 1 in Dodging
   337 | D:1      | Gained mutation: You have a somewhat thin skeletal
                  | structure. (Dex +2, Stealth+) [demonic ancestry]
   337 | D:1      | Reached XP level 2. HP: 23/24 MP: 3/3
  1407 | D:2      | Gained mutation: You have sharp fingernails. [demonic
                  | ancestry]
  1407 | D:2      | Reached XP level 3. HP: 27/29 MP: 5/5
  1479 | D:2      | Noticed Terence
  1486 | D:2      | Slain by Terence

Illustrated notes

Levels and vault maps discovered:
D:1:      dpeg_arrival_rooms_b, layout_rooms, minmay_ruptured
D:2:      layout_rooms, shapermc_ecumenical_altar_mp_vishouse, uniq_terence

Skill      XL: |  1  2  3 |
---------------+----------+-----
Axes           | 2 |  2.5
Dodging        | 1 |  1.1
Armour         | 2 |  2.0
Fighting       | |  3.1
Throwing       | |  0.1
Spellcasting   | |  0.4
Invocations    | |  2.7

Action                   || total
-------------------------++-------
Melee: Hand axe          ||    73
Invok: Depart the Abyss  ||     1
  Use: Potion            ||     1
 Stab: Sleeping          ||     3
Armor: Leather armour    ||    11
       Ring mail         ||     5
Dodge: Dodged            ||    43

Table legend: (Time is in decaauts)
 A = Elapsed time spent in this place.
 B = Non-inter-level travel time spent in this place.
 C = Inter-level travel time spent in this place.
 D = Time resting spent in this place.
 E = Time spent auto-exploring this place.
 F = Levels seen in this place.
 G = Mean time per level.
                   A        B        C        D        E       F      G
               +--------+--------+--------+--------+--------+-----+--------+
         Total |   1499 |   1466 |     33 |    481 |    753 |   3 |  499.7 |
       Dungeon |   1443 |   1410 |     33 |    481 |    702 |   2 |  721.5 |
         Abyss |     56 |     56 |      0 |      0 |     51 |   1 |   56.0 |
               +--------+--------+--------+--------+--------+-----+--------+

Top non-repeatable levels by time:
     D:1: 1035 daAuts
     D:2: 408 daAuts
 Abyss:1: 56 daAuts
